 Dungeon Crawl Stone Soup version 0.20-a0-317-gc038824 (webtiles) character file.

12637 AlphabetPasta the Geomancer (level 11, -2/68 HPs)
             Began as a Vampire Earth Elementalist on Dec 20, 2016.
             Was a Follower of Ashenzari.
             Slain by a polar bear (12 damage)
             ... on level 11 of the Dungeon.
             The game lasted 01:16:46 (12842 turns).

AlphabetPasta the Geomancer (VpEE)                 Turns: 12842, Time: 01:16:50

Health: -2/68      AC: 10    Str:  7    XL:     11   Next: 65%
Magic:  1/24       EV: 17    Int: 27    God:    Ashenzari [*.....]
Gold:   752        SH:  0    Dex: 15    Spells: 13/28 levels left

rFire  . . .     SeeInvis +     b - 115 stones
rCold  + . .     Gourm    .     c - +1 robe
rNeg   + + .     Faith    .     (no shield)
rPois  +         Spirit   .     G - +1 helmet {SInv}
rElec  .         Reflect  .     t - +2 cloak
rCorr  .         Harm     .     q - +0 pair of gloves
MR     +....                    D - +0 pair of boots
Stlth  +++++.....               (no amulet)
                                m - +3 ring of intelligence
                                o - +3 ring of intelligence

@: regenerating slowly
A: fangs 3, see invisible, unbreathing
a: Bat Form, Curse Item, Scrying, Renounce Religion


You were on level 11 of the Dungeon.
You worshipped Ashenzari.
Ashenzari was aware of your devotion.
You were thirsty.

You visited 2 branches of the dungeon, and saw 12 of its levels.

You collected 752 gold pieces.

Inventory:

Hand Weapons
 a - a +1 dagger
Missiles
 b - 115 stones (in hand)
Armour
 c - a +1 robe (worn)
 q - a +0 pair of gloves (worn)
 t - a +2 cloak (worn)
 D - a +0 pair of boots (worn)
 G - a +1 helmet of see invisible (worn)
Jewellery
 g - a +3 ring of protection
 m - a +3 ring of intelligence (right hand)
 o - a +3 ring of intelligence (left hand)
Wands
 v - a wand of lightning (0/15)
 C - a wand of flame (16/48)
Scrolls
 p - 2 scrolls of enchant armour
 r - a scroll of enchant weapon
 w - 2 scrolls of identify
 x - 2 scrolls of recharging
 F - a scroll of blinking
Potions
 d - 18 potions of blood
 f - 2 potions of ambrosia
 i - a potion of curing
 j - 3 potions of invisibility
 k - 2 potions of might
 n - 3 potions of agility
 s - 2 potions of cure mutation
 u - 2 potions of heal wounds
 z - a potion of magic
 A - a potion of haste
 B - 2 potions of brilliance
 E - 2 potions of flight
 H - a potion of cancellation
Books
 e - a book of Geomancy

   Spells                             Type                      Level
   a - Sandblast                      Earth                        1
   b - Passwall                       Transmutation/Earth          2
   c - Stone Arrow                    Conjuration/Earth            3
   d - Petrify                        Transmutation/Earth          4
   e - Lee's Rapid Deconstruction     Earth                        5


   Skills:
 - Level 3.0 Short Blades
 - Level 7.2 Dodging
 + Level 9.3 Stealth
 + Level 9.2 Spellcasting
 - Level 1.1 Transmutations
 * Level 13.3 Earth Magic


You had 13 spell levels left.
You knew the following spells:

 Your Spells              Type           Power        Failure   Level  Hunger
a - Sandblast             Erth           ######       1%          1    None
b - Passwall              Tmut/Erth      ######....   1%          2    None
c - Stone Arrow           Conj/Erth      #####.       1%          3    None
d - Petrify               Tmut/Erth      ######..     2%          4    #......
e - Lee's Rapid Deconstr  Erth           ######....   1%          5    ####...


Dungeon Overview and Level Annotations

Branches:
Dungeon (11/15)            Temple (1/1) D:7            Lair (0/6) D:10
    Orc: D:9-12

Altars:
Ashenzari
Cheibriados
Dithmenos
Elyvilon
Fedhas
Gozag
Hepliaklqana
Kikubaaqudgha
Makhleb
Nemelex Xobeh
Okawaru
Qazlal
Ru
Sif Muna
Trog
Uskayaw
Vehumet
Xom
Yredelemnul
Zin
The Shining One

Shops:
D:7 (

Portals:
Trove: D:11 (give 7 potions of agility)

Annotations:
D:7 Ryco's ghost, novice MiFi


Innate Abilities, Weirdness & Mutations

You heal slowly.
You have razor-sharp teeth.
You have supernaturally acute eyesight. (SInv)
You can survive without breathing.


Message History

Zapping:
v - a wand of lightning (?/15) {zapped: 4} (will waste charges)
Press: ? - help, Shift-Dir - straight line, f/p - polar bear
Aim: a polar bear (severely wounded, berserk, fast, unusually strong)
You hear a mighty clap of thunder!
The bolt of lightning misses the polar bear.
Evoking this partially-identified wand wasted a few charges.
The polar bear completely misses you.
The polar bear claws you but does no damage. x2
Evoke which item? (* to show all) (? for menu, Esc to quit)
Zapping:
v - a wand of lightning (?/15) {zapped: 6} (will waste charges)
Press: ? - help, Shift-Dir - straight line, f/p - polar bear
Aim: a polar bear (severely wounded, berserk, fast, unusually strong)
You hear a mighty clap of thunder!
The bolt of lightning misses the polar bear.
Evoking this partially-identified wand wasted a few charges.
The polar bear bites you!
* * * LOW HITPOINT WARNING * * *
The polar bear closely misses you. The polar bear misses you.
The polar bear bites you!
You die...

#####
#########...#
#...h@......#
#)#######)..#
#....#
......#
......#.#
....8..#.#
......##.#
.....# #.#


You could see a polar bear (berserk).

Vanquished Creatures
  4 two-headed ogres
  A deep elf mage (D:9)
  Joseph (D:6)
  A polar bear (D:11)
  2 trolls
  A hornet (D:10)
  3 hippogriffs
  Sigmund (D:3)
  A centaur simulacrum (D:11)
  4 hogs (D:9)
  A human (D:9)
  A wraith (D:11)
  2 steam dragons (D:8)
  2 hungry ghosts (D:9)
  Menkaure (D:7)
  A water moccasin (D:6)
  3 orc warriors
  4 ice beasts
  3 black bears
  6 phantoms
  2 sky beasts
  An eye of draining (D:10)
  2 ogres
  11 centaurs
  2 big kobolds (D:10)
  3 gnoll sergeants
  2 wyvern zombies
  3 bullfrogs
  A scorpion (D:6)
  11 wights
  10 killer bees
  4 electric eels
  3 howler monkeys (D:7)
  2 crimson imps
  2 jellies
  A bullfrog zombie (D:7)
  A wyvern simulacrum (D:11)
  3 centaur zombies
  10 hounds
  7 orc wizards
  2 orc priests
  3 centaur skeletons
  Terence (D:3)
  2 iguanas (D:8)
  5 worker ants
  A hound zombie (D:8)
  A hound skeleton (D:8)
  A howler monkey zombie (D:9)
  A worker ant zombie (D:5)
  12 gnolls
  9 adders
  2 shadow imps
  2 white imps (D:11)
  2 oozes
  4 adder skeletons
  A worm (D:3)
  A dart slug (D:2)
  12 leopard geckos
  22 orcs
  6 bats
  4 giant cockroaches
  5 goblins
  8 hobgoblins
  11 jackals
  20 kobolds
  3 quokkas
  2 ball pythons
  4 frilled lizards
  A jackal zombie (D:5)
  A quokka skeleton (D:6)
  4 rats
277 creatures vanquished.

Notes
Turn   | Place    | Note
-------+----------+-------------------------------------------
     0 | D:1      | AlphabetPasta the Vampire Earth Elementalist began the quest for the Orb.
     0 | D:1      | Reached XP level 1. HP: 13/13 MP: 3/3
   269 | D:1      | Reached XP level 2. HP: 18/19 MP: 3/5
   375 | D:1      | Learned a level 2 spell: Passwall
  1159 | D:2      | Reached XP level 3. HP: 24/24 MP: 4/6
  1164 | D:2      | Learned a level 3 spell: Stone Arrow
  1422 | D:2      | Reached skill level 4 in Earth Magic
  1826 | D:3      | Noticed Terence
  1961 | D:3      | Killed Terence
  1961 | D:3      | Reached XP level 4. HP: 30/30 MP: 0/8
  2165 | D:3      | Noticed Sigmund
  2178 | D:3      | Killed Sigmund
  2178 | D:3      | Reached skill level 5 in Earth Magic
  2178 | D:3      | Reached XP level 5. HP: 13/35 MP: 2/10
  2378 | D:3      | Reached XP level 6. HP: 24/41 MP: 8/11
  2546 | D:4      | Learned a level 4 spell: Petrify
  2836 | D:4      | Found a glowing silver altar of Zin.
  2836 | D:4      | Found an opulent altar of Gozag.
  3522 | D:5      | Entered Level 5 of the Dungeon
  3531 | D:5      | Reached skill level 6 in Earth Magic
  4115 | D:5      | Reached XP level 7. HP: 46/46 MP: 10/12
  4315 | D:5      | Found a snail-covered altar of Cheibriados.
  5111 | D:6      | Reached skill level 7 in Earth Magic
  5134 | D:6      | Reached skill level 5 in Stealth
  5177 | D:6      | Reached XP level 8. HP: 44/52 MP: 13/15
  5184 | D:6      | Learned a level 5 spell: Lee's Rapid Deconstruction
  5337 | D:6      | Identified a scroll of acquirement
  5338 | D:6      | Got a shimmering cloak
  5349 | D:6      | Identified the +0 cloak of Thoughtfulness {Int+3} (You acquired it on level 6 of the Dungeon)
  5381 | D:6      | Reached skill level 5 in Spellcasting
  5419 | D:6      | Reached skill level 8 in Earth Magic
  6222 | D:6      | Upgraded the game from 0.20-a0-315-g8346a86 to 0.20-a0-317-gc038824
  6243 | D:7      | Found a staircase to the Ecumenical Temple.
  6252 | Temple   | Entered the Ecumenical Temple
  6272 | Temple   | Became a worshipper of Ashenzari the Shackled
  6333 | D:7      | Noticed Menkaure
  6455 | D:7      | Found Zamol's Antique Weapon Shoppe.
  6459 | D:7      | Noticed Ryco's ghost (novice MiFi)
  6565 | D:7      | Noticed Joseph
  6583 | D:6      | Killed Joseph
  6583 | D:6      | Reached skill level 9 in Earth Magic
  6583 | D:6      | Reached XP level 9. HP: 16/57 MP: 6/17
  6956 | D:7      | Killed Menkaure
  7296 | D:7      | Found a hazy altar of Hepliaklqana.
  7297 | D:7      | Found a shimmering altar of Xom.
  7298 | D:7      | Noticed a tyrant leech
  7298 | D:7      | Noticed a spectral ugly thing
  7298 | D:7      | Noticed a tyrant leech
  7970 | D:8      | Reached skill level 10 in Earth Magic
  8308 | D:8      | Reached skill level 5 in Dodging
  8700 | D:8      | Noticed a two-headed ogre
  8709 | D:8      | Killed a two-headed ogre
  8709 | D:8      | Reached XP level 10. HP: 63/63 MP: 3/20
  8985 | D:8      | Noticed a two-headed ogre
  8998 | D:8      | Reached skill level 11 in Earth Magic
  9094 | D:8      | Killed a two-headed ogre
  9197 | D:8      | Found a stormy altar of Qazlal.
  9197 | D:8      | Found a glowing golden altar of the Shining One.
  9627 | D:8      | Learned a level 5 spell: Lee's Rapid Deconstruction
  9661 | D:8      | Noticed a two-headed ogre
  9672 | D:8      | Killed a two-headed ogre
  9689 | D:9      | Noticed a two-headed ogre
  9703 | D:9      | Killed a two-headed ogre
  9808 | D:9      | Reached skill level 12 in Earth Magic
 10217 | D:9      | Found a shimmering altar of Xom.
 10217 | D:9      | Noticed a deep elf mage
 10223 | D:9      | Killed a deep elf mage
 10223 | D:9      | Reached XP level 11. HP: 63/68 MP: 16/23
 10897 | D:10     | Entered Level 10 of the Dungeon
 11283 | D:10     | Found a staircase to the Lair.
 11933 | D:9      | Reached skill level 13 in Earth Magic
 12372 | D:10     | Reached * piety under Ashenzari
 12424 | D:11     | Found a portal to a secret trove of treasure.
 12842 | D:11     | Slain by a polar bear

Vault maps used:
D:1:      dpeg_arrival_tiny_f
D:2:      first_bread
D:3:      minmay_crystal_water, uniq_terence, uniq_sigmund
D:4:      grunt_temple_overflow_gold_and_silver, eino_curves_03
D:5:      old_standard_altar
D:7:      wad_river_or_something, regret_index_temple_of_mockery, serial_shops,
          nicolae_shop_behind_doors, uniq_joseph, uniq_menkaure
D:8:      kennysheep_steamy, gammafunk_temple_overflow_pools, grunt_tough_drop
D:9:      hangedman_abyss_or_decor_clamps, grunt_livestock,
          david_defended_altar_elf
D:10:     lair_entry_dummy, kennysheep_generic_room_10
D:11:     wad_lake_hut, serial_ice, serial_ice_a, serial_ice_o, serial_ice_c,
          serial_ice_d, serial_ice_b, serial_ice_f,
          portal_ice_cave_demonic_guard, enter_trove_3,
          kennysheep_generic_room_9
Temple:   eino_temple_water

Skill      XL: |  1  2  3  4  5  6  7  8  9 10 11 |
---------------+----------------------------------+-----
Earth Magic    | 4 5 6 7 9 10 12 13 | 13.3
Short Blades   | 2 3 |  3.0
Spellcasting   | 3 4 5 7 8 9 |  9.2
Stealth        | 5 6 9 |  9.3
Dodging        | 3 5 7 |  7.2
Transmutations | |  1.1

Action                   |  1- 3 |  4- 6 |  7- 9 | 10-12 || total
-------------------------+-------+-------+-------+-------++-------
Melee: Unarmed           |     1 |       |       |       ||     1
       Dagger            |    19 |     7 |    18 |    92 ||   136
       Bite              |       |       |     3 |     9 ||    12
 Cast: Sandblast         |    63 |    76 |   148 |    83 ||   370
       Stone Arrow       |       |     1 |    74 |    79 ||   154
       Petrify           |       |       |     2 |    26 ||    28
       Passwall          |       |       |     1 |       ||     1
       Lee's Rapid Decon |       |       |       |     3 ||     3
Evoke: Wand              |       |       |       |     6 ||     6
  Use: Scroll            |    11 |     5 |    11 |     6 ||    33
       Potion            |       |     5 |     7 |     2 ||    14
 Stab: Sleeping          |     7 |     3 |     9 |    14 ||    33
       Distracted        |       |     1 |     1 |     1 ||     3
       Petrified         |       |       |     2 |    40 ||    42
       Petrifying        |       |       |     1 |     1 ||     2
Armor: Robe              |     5 |     7 |    19 |    35 ||    66
Dodge: Dodged            |    24 |    31 |    73 |   112 ||   240
